 Dungeon Crawl Stone Soup version 0.24-a0-235-g3f03afc (webtiles) character file.

Game seed: 12926949686879335935

21644 emperorscorpion the Unseen (level 12, -8/62 HPs)
             Began as a Spriggan Wanderer on Apr 5, 2019.
             Was an Elder of Dithmenos.
             Mangled by a manticore (10 damage)
             ... on level 13 of the Dungeon on Apr 7, 2019.
             The game lasted 00:57:15 (14497 turns).

emperorscorpion the Unseen (Spriggan Wanderer)     Turns: 14497, Time: 00:57:16

Health: -8/62      AC:  5    Str:  8    XL:     12   Next: 56%
Magic:  34/34      EV: 30    Int: 15    God:    Dithmenos [****..]
Gold:   676        SH:  0    Dex: 19    Spells: 18/27 levels left

rFire    . . .     SeeInvis +   a - +2 dagger (venom)
rCold    . . .     Gourm    .   (shield restricted)
rNeg     . . .     Faith    .   c - +1 robe
rPois    .         Spirit   .   f - +2 hat
rElec    .         Reflect  .   (no cloak)
rCorr    .         Harm     .   (gloves unavailable)
MR       ++...                  (boots unavailable)
Stlth    +++++++++.             t - amulet of rage
HPRegen  0.20/turn              F - ring of magical power
MPRegen  0.24/turn              (no ring)

@: wreathed by umbra, very quick
A: very small, unfitting armour, see invisible, herbivore, speed 3, slow
metabolism 2
a: Shadow Step, Renounce Religion, Evoke Berserk Rage


You were on level 13 of the Dungeon.
You worshipped Dithmenos.
Dithmenos was greatly pleased with you.
You were not hungry.

You visited 2 branches of the dungeon, and saw 14 of its levels.
You also visited: Sewer and Gauntlet.

You collected 676 gold pieces.

Inventory:

Hand Weapons
 a - a +2 dagger of venom (weapon)
 b - a +4 short sword of speed
 v - a +2 dagger of draining
 D - a +3 short sword of freezing
 R - a +0 blowgun
 S - a +1 shortbow of flaming
Missiles
 m - 41 poisoned needles
 y - 2 tomahawks (quivered)
 E - 4 throwing nets
 T - 38 arrows
Armour
 c - a +1 robe (worn)
 f - a +2 hat (worn)
Magical Staves
 I - an uncursed staff of fire
Jewellery
 j - an uncursed amulet of regeneration
 t - an amulet of rage (around neck)
 A - an uncursed amulet of harm
 F - a ring of magical power (left hand)
 M - the ring of Springtime {rCorr rN+ MR+, unknown}
   (You found it in a Gauntlet)

   [ring of resist corrosion]

   It protects you from negative energy.
   It affects your resistance to hostile enchantments.
 P - a +4 ring of dexterity {unknown}
Wands
 G - a wand of iceblast (2)
 H - a wand of enslavement (10)
 J - a wand of scattershot (3)
 Q - a wand of random effects (25)
Scrolls
 h - 7 scrolls of identify
 l - 7 scrolls of teleportation
 r - 2 scrolls of enchant weapon
 z - a scroll of magic mapping
 B - 3 scrolls of fog
 K - 2 scrolls of remove curse
 L - a scroll of brand weapon
Potions
 e - 9 potions of heal wounds
 g - 2 potions of agility
 i - 7 potions of curing
 k - 3 potions of might
 n - 4 potions of haste
 o - a potion of berserk rage
 p - 2 potions of flight
 q - a potion of brilliance
 s - a potion of cancellation
 w - a potion of magic
 x - 2 potions of mutation
 C - a potion of resistance
 N - 2 potions of invisibility
Miscellaneous
 u - a lamp of fire
 O - a box of beasts
Comestibles
 d - 7 rations


   Skills:
 + Level 6.9 Fighting
 + Level 10.8 Short Blades
 + Level 2.9 Throwing
 + Level 12.7 Dodging
 + Level 15.1 Stealth
   Level 1.0 Shields
 * Level 8.0 Spellcasting
 + Level 7.0 Transmutations
 + Level 4.8 Earth Magic
 + Level 1.6 Evocations


You had 18 spell levels left.
You knew the following spells:

 Your Spells              Type           Power        Failure   Level  Hunger
a - Passwall              Tmut/Erth      ###.....     1%          2    None
b - Petrify               Tmut/Erth      ###.....     11%         4    ####...
c - Mephitic Cloud        Conj/Pois/Air  #.......     34%         3    ##.....

Your spell library contained the following spells:

 Spells                   Type           Power        Failure   Level  Hunger
 Sandblast                Erth           ###...       1%          1    None
 Shock                    Conj/Air       #...         12%         1    None
 Stone Arrow              Conj/Erth      ##....       13%         3    ##.....
 Poisonous Vapours        Pois/Air       #.....       19%         2    None
 Swiftness                Chrm/Air       #.......     19%         2    None
 Conjure Flame            Conj/Fire      #.......     34%         3    ##.....
 Static Discharge         Conj/Air       #.......     34%         3    ##.....
 Lee's Rapid Deconstruct  Erth           ###.......   41%         5    #####..
 Airstrike                Air            #.........   75%         4    ####...
 Lightning Bolt           Conj/Air       #.........   97%         5    #####..
 Freezing Cloud           Conj/Ice/Air   #.........   100%        6    #######
 Ring of Flames           Chrm/Fire      #.........   100%        7    #######


Dungeon Overview and Level Annotations

Branches:
Dungeon (13/15)            Temple (1/1) D:7            Lair (0/6) D:8
    Orc (0/2) D:11
 Vaults: D:13-14

Altars:
Ashenzari
Dithmenos
Elyvilon
Fedhas
Gozag
Kikubaaqudgha
Makhleb
Nemelex Xobeh
Qazlal
Ru
Sif Muna
Uskayaw
Xom
Zin
The Shining One

Shops:
D:4 %

Annotations:
D:3 archmagi wight
D:8 Grum
D:9 Joseph
D:10 Fannar
D:12 Nergalle


Innate Abilities, Weirdness & Mutations

You are very small and have problems with some larger weapons.
You are too small for most types of armour.
You have supernaturally acute eyesight. (SInv)
You are a herbivore.
You cover ground extremely quickly.
You need to consume almost no food.


Message History

The kobold demonologist is severely wounded.
The kobold demonologist casts a spell.
You hit the kobold demonologist.
The kobold demonologist looks as sick as possible!
The kobold demonologist is almost dead.
Your shadow hits the kobold demonologist but does no damage.
The manticore closely misses you. The manticore completely misses you.
The manticore barely misses you.
You hit the kobold demonologist.
The kobold demonologist looks as sick as possible!
The kobold demonologist is almost dead.
The kobold demonologist looks braver for a moment.
You hit the kobold demonologist.
You kill the kobold demonologist!
Dithmenos accepts your kill.
The ufetubus disappears in a puff of smoke!
The smoke demon disappears in a puff of smoke!
The chaos spawn degenerates into a cloud of primal chaos!
The manticore bites you!
You die...

......####........#
#...#..##.....#
##.....##.....#
##.###........#
#..# ####.....#
#.## #.....# ##.#
#.....# # #..#
#######
#####.#@######
#.....#H)§...##
......§O§.....#
..............?#
......[).......#
...............#
...............#
.............?.#
...............#


You could see a two-headed ogre and a manticore.

Vanquished Creatures
  Gastronok (D:11)
  A minotaur (Gauntlet)
  Harold (D:10)
  2 two-headed ogres
  A centaur warrior (D:13)
  3 death yaks (Gauntlet)
  An ugly thing (D:12)
  A torpor snail (Gauntlet)
  Psyche (D:9)
  A kobold demonologist (D:13)
  A komodo dragon (D:11)
  2 trolls
  4 hippogriffs
  2 slime creatures (D:12)
  2 wyverns
  A human (D:7)
  2 hogs (D:7)
  15 yaks
  4 vampire mosquitoes (D:11)
  2 water moccasins
  A floating eye (Gauntlet)
  A porcupine (D:8)
  5 orc warriors
  6 ice beasts
  5 sky beasts
  A black bear (D:6)
  4 ogres
  5 centaurs
  3 phantoms
  2 wolves
  3 crocodiles
  2 big kobolds (Sewer)
  8 bullfrogs
  5 scorpions
  A water moccasin skeleton (D:5)
  9 killer bees
  10 howler monkeys
  6 wights
  3 crimson imps
  4 centaur zombies
  2 bullfrog zombies
  A quasit (D:8)
  6 hounds
  2 jellies
  10 orc priests
  4 bullfrog skeletons
  2 iguanas
  12 orc wizards
  13 worker ants
  3 hound zombies
  4 gnolls
  A howler monkey skeleton (D:6)
  15 adders
  4 shadow imps
  An ooze (D:1)
  2 adder skeletons
  4 worms
  3 leopard geckos
  34 orcs
  11 bats
  12 giant cockroaches
  2 hobgoblins (D:1)
  2 quokkas
  5 ball pythons
  7 frilled lizards
  6 goblins
  16 kobolds
  2 leopard gecko zombies
  A quokka skeleton (D:6)
  6 rats
325 creatures vanquished.

Vanquished Creatures (others)
  A bush (D:8)
  3 fungi (D:8)
  24 plants (D:8)
28 creatures vanquished.

Grand Total: 353 creatures vanquished

Notes
Turn   | Place    | Note
-------+----------+-------------------------------------------
     0 | D:1      | emperorscorpion the Spriggan Wanderer began the quest for
                  | the Orb.
     0 | D:1      | emperorscorpion set off with the following items: a +2
                  | short sword, 2 scrolls of teleportation, a +0 robe, a
                  | ration
     0 | D:1      | Reached XP level 1. HP: 12/12 MP: 3/3
     3 | D:1      | Noticed an electric eel
     3 | D:1      | Noticed an electric eel
   231 | D:1      | Reached XP level 2. HP: 16/16 MP: 4/4
   979 | D:2      | Reached XP level 3. HP: 19/21 MP: 5/5
  1026 | D:2      | Reached skill level 2 in Stealth
  1606 | D:3      | Reached XP level 4. HP: 7/25 MP: 6/6
  1819 | D:3      | Found a glowing drain.
  1852 | Sewer    | Entered a sewer
  1931 | Sewer    | Noticed a big kobold
  1993 | Sewer    | Killed a big kobold
  1993 | Sewer    | Reached skill level 3 in Stealth
  1993 | Sewer    | Reached XP level 5. HP: 21/29 MP: 7/7
  2093 | Sewer    | Reached XP level 6. HP: 29/33 MP: 8/8
  2488 | D:3      | Reached skill level 5 in Dodging
  2489 | D:3      | Reached skill level 4 in Stealth
  2529 | D:3      | You fall through a shaft!
  2859 | D:4      | Reached skill level 5 in Short Blades
  3077 | D:4      | Found Qotrak's Food Shop.
  3089 | D:4      | Reached skill level 5 in Stealth
  3089 | D:4      | Reached XP level 7. HP: 32/38 MP: 9/9
  3256 | D:5      | Entered Level 5 of the Dungeon
  3331 | D:5      | Noticed a water elemental
  3334 | D:5      | Found a stormy altar of Qazlal.
  3621 | D:5      | Noticed a fire elemental
  3621 | D:5      | Noticed an air elemental
  3623 | D:5      | Reached skill level 6 in Stealth
  3763 | D:5      | Reached XP level 8. HP: 42/42 MP: 10/10
  3786 | D:5      | Reached skill level 7 in Stealth
  4060 | D:6      | Reached skill level 8 in Stealth
  4267 | D:6      | Reached skill level 9 in Stealth
  4383 | D:6      | Found a white marble altar of Elyvilon.
  4440 | D:6      | Found a shattered altar of Ashenzari.
  4549 | D:6      | Reached skill level 10 in Stealth
  4649 | D:6      | Reached XP level 9. HP: 46/46 MP: 11/11
  4949 | D:6      | Reached skill level 5 in Fighting
  5020 | D:7      | Found a staircase to the Ecumenical Temple.
  5029 | Temple   | Entered the Ecumenical Temple
  5095 | Temple   | Became a worshipper of Dithmenos the Shadowed
  5433 | D:7      | Reached skill level 11 in Stealth
  6016 | D:8      | Noticed a two-headed ogre
  6017 | D:8      | Killed a two-headed ogre
  6017 | D:8      | Reached skill level 10 in Dodging
  6017 | D:8      | Reached XP level 10. HP: 53/53 MP: 12/12
  6091 | D:8      | Reached skill level 12 in Stealth
  6254 | D:8      | Noticed Grum
  6321 | D:8      | Reached * piety under Dithmenos
  6787 | D:8      | Reached skill level 10 in Short Blades
  6988 | D:8      | Learned a level 2 spell: Passwall
  7038 | D:8      | Reached skill level 1 in Transmutations
  7181 | D:8      | Found a staircase to the Lair.
  7259 | D:9      | Found a shimmering altar of Xom.
  7259 | D:9      | Found a deep blue altar of Sif Muna.
  7281 | D:9      | Reached skill level 1 in Earth Magic
  7296 | D:9      | Found a glowing golden altar of the Shining One.
  7296 | D:9      | Found a blossoming altar of Fedhas.
  7458 | D:9      | Found a glowing silver altar of Zin.
  7458 | D:9      | Found a burning altar of Makhleb.
  7459 | D:9      | Found an ancient bone altar of Kikubaaqudgha.
  7548 | D:9      | Reached skill level 1 in Spellcasting
  7597 | D:9      | Noticed Psyche
  7636 | D:9      | Killed Psyche
  7704 | D:9      | Found an opulent altar of Gozag.
  7772 | D:9      | Reached ** piety under Dithmenos
  7777 | D:9      | Noticed Joseph
  7788 | D:9      | Learned a level 4 spell: Petrify
  8212 | D:10     | Entered Level 10 of the Dungeon
  8217 | D:10     | Noticed Harold
  8877 | D:10     | Identified a scroll of acquirement
  8879 | D:10     | Noticed Fannar
  8892 | D:10     | Killed Harold
  8892 | D:10     | Reached XP level 11. HP: 36/56 MP: 17/17
  9878 | D:11     | Noticed Gastronok
 10494 | D:11     | Killed Gastronok
 10494 | D:11     | Reached skill level 1 in Throwing
 10793 | D:11     | Found a staircase to the Orcish Mines.
 10852 | D:11     | Reached *** piety under Dithmenos
 10852 | D:11     | Reached skill level 13 in Stealth
 11157 | D:11     | Reached skill level 5 in Spellcasting
 11551 | D:11     | Reached skill level 5 in Transmutations
 12182 | D:12     | Noticed a two-headed ogre
 12187 | D:12     | Killed a two-headed ogre
 12237 | D:12     | Reached **** piety under Dithmenos
 12506 | D:12     | Noticed a brown ugly thing
 12527 | D:12     | Killed a brown ugly thing
 12856 | D:12     | Reached XP level 12. HP: 62/62 MP: 22/22
 12964 | D:12     | Reached skill level 14 in Stealth
 13146 | D:12     | Noticed a two-headed ogre
 13147 | D:12     | Noticed Nergalle
 13229 | D:13     | Found a gate leading to a gauntlet.
 13252 | Gauntlet | Entered a Gauntlet
 13252 | Gauntlet | Found a transporter.
 13412 | Gauntlet | Found a transporter.
 13420 | Gauntlet | Found a transporter.
 13422 | Gauntlet | Found a transporter.
 13424 | Gauntlet | Noticed a ghost crab
 13439 | Gauntlet | Found a transporter.
 13446 | Gauntlet | Noticed a death yak
 13447 | Gauntlet | Found a transporter.
 13457 | Gauntlet | Found the +3 pair of gauntlets of War {Slay+5}
 13457 | Gauntlet | Found a transporter.
 13459 | Gauntlet | Noticed an entropy weaver
 13467 | Gauntlet | Found a transporter.
 13472 | Gauntlet | Found a transporter.
 13472 | Gauntlet | Found a transporter.
 13497 | Gauntlet | Found a runed translucent gate.
 13500 | Gauntlet | Found a runed translucent gate.
 13500 | Gauntlet | Found a transporter.
 13500 | Gauntlet | Found a transporter.
 13501 | Gauntlet | Found a runed translucent gate.
 13550 | Gauntlet | Noticed a death yak
 13555 | Gauntlet | Found a transporter.
 13564 | Gauntlet | Found a transporter.
 13659 | Gauntlet | Noticed a death yak
 13683 | Gauntlet | Got a vibrating glass ring
 13705 | Gauntlet | Killed a death yak
 13709 | Gauntlet | Killed a death yak
 13715 | Gauntlet | Killed a death yak
 13719 | Gauntlet | Noticed a minotaur
 13737 | Gauntlet | Killed a minotaur
 14050 | D:13     | Noticed a centaur warrior
 14059 | D:13     | Killed a centaur warrior
 14059 | D:13     | Reached skill level 15 in Stealth
 14071 | D:13     | Learned a level 3 spell: Mephitic Cloud
 14382 | D:13     | Found a deep blue altar of Sif Muna.
 14409 | D:13     | Noticed a two-headed ogre
 14493 | D:13     | HP: 2/62 [manticore (3)]
 14497 | D:13     | Mangled by a manticore

Levels and vault maps discovered:
D:1:      arrival_aquarium_b, layout_loops_cross
D:2:      layout_rooms, grunt_decor_one_mirror
D:3:      layout_loops_corners, first_ration, cheibrodos_sewer_entry_drain,
          chequers_ecumenical_altar_lobes, chequers_serial_rivers_room_a
D:4:      layout_loops_ring, serial_shops, shop
D:5:      layout_loops_ring, nicolae_qazlal_style_of_elements
D:6:      layout_loops_ring, overflow_temple_1_default, ashenzari_altar_1,
          roderic_serpentine_path
D:7:      layout_basic, minmay_temple_entry_proselytizer, grunt_livestock
D:8:      layout_gridville, minmay_lair_entry_grove, uniq_grum
D:9:      layout_roguey, kennysheep_little_box, grunt_temple_overflow_open,
          uniq_joseph, uniq_psyche
D:10:     layout_gridville, uniq_harold, uniq_fannar
D:11:     layout_roguey, orc_0_dummy, uniq_gastronok
D:12:     layout_roguey, minmay_guarded_unrand_skullcrusher, uniq_nergalle
D:13:     layout_rooms, basic_altar, gauntlet_entry_generic
Temple:   minmay_temple_forest_path
Sewer:    kennysheep_pipe_town
Gauntlet: minmay_gauntlet_77_tree [minmay_gauntlet_arena_77_p_blocks,
          minmay_gauntlet_arena_77_run_for_it, minmay_gauntlet_arena_77_fan,
          minmay_gauntlet_arena_77_terracotta_army,
          minmay_gauntlet_arena_77_block_sizes,
          minmay_gauntlet_arena_77_tiled_triplets,
          minmay_gauntlet_arena_77_two_lines, gauntlet_exit_green]

Skill      XL: |  1  2  3  4  5  6  7  8  9 10 11 12 |
---------------+-------------------------------------+-----
Short Blades   | 2 3 4 5 6 7 9 10 | 10.8
Stealth        | 2 3 5 6 10 11 12 13 15 | 15.1
Fighting       | 4 5 6 |  6.9
Dodging        | 4 6 8 10 11 12 | 12.7
Transmutations | 3 6 7 |  7.0
Earth Magic    | 2 4 |  4.8
Spellcasting   | 3 6 8 |  8.0
Throwing       | 1 2 |  2.9
Shields        | |  1.0
Evocations     | |  1.6

Action                   |  1- 3 |  4- 6 |  7- 9 | 10-12 || total
-------------------------+-------+-------+-------+-------++-------
Melee: Short sword       |    92 |     8 |       |   156 ||   256
       Dagger            |    42 |   245 |   433 |  1235 ||  1955
 Fire: Blowgun           |       |       |       |    71 ||    71
Throw: Tomahawk          |       |       |       |     3 ||     3
 Cast: Passwall          |       |       |       |     3 ||     3
       Petrify           |       |       |       |    26 ||    26
Evoke: Wand              |       |       |       |     4 ||     4
  Use: Scroll            |     5 |     4 |       |    13 ||    22
       Potion            |     1 |       |       |     4 ||     5
 Stab: Sleeping          |     5 |     8 |    21 |    27 ||    61
       Distracted        |       |       |     2 |     5 ||     7
       Petrified         |       |       |       |    11 ||    11
       Petrifying        |       |       |       |     8 ||     8
       Invisible         |       |       |       |    11 ||    11
  Eat: Ration            |       |       |     1 |    10 ||    11
Armor: Robe              |    25 |    21 |    22 |    36 ||   104
Dodge: Dodged            |    87 |   177 |   231 |  1017 ||  1512

Table legend:
 A = Non-vault XP
 B = Vault XP
 C = Vault XP percentage of total XP
 D = Non-vault monster count
 E = Vault monster count
 F = Vault count percentage of total count
                 A         B        C        D         E       F
            +---------+---------+-------+---------+---------+-------
      Total |   20604 |   10317 |  33.4 |     276 |      49 |  15.1
            +---------+---------+-------+---------+---------+-------
        D:1 |      36 |       0 |   0.0 |      19 |       0 |   0.0
        D:2 |      38 |       0 |   0.0 |      13 |       0 |   0.0
        D:3 |     160 |       7 |   4.2 |      12 |       2 |  14.3
        D:4 |     355 |       0 |   0.0 |      21 |       0 |   0.0
        D:5 |     653 |       0 |   0.0 |      17 |       0 |   0.0
        D:6 |    1703 |       0 |   0.0 |      28 |       0 |   0.0
        D:7 |    1007 |    1207 |  54.5 |      19 |       8 |  29.6
        D:8 |    2221 |     503 |  18.5 |      26 |       5 |  16.1
        D:9 |     868 |     550 |  38.8 |      11 |       2 |  15.4
       D:10 |    1180 |    1034 |  46.7 |      22 |       1 |   4.3
       D:11 |    4591 |    2297 |  33.3 |      54 |       1 |   1.8
       D:12 |    4449 |       0 |   0.0 |      19 |       0 |   0.0
       D:13 |    3343 |       0 |   0.0 |      15 |       0 |   0.0
      Sewer |       0 |     247 | 100.0 |       0 |      24 | 100.0
   Gauntlet |       0 |    4472 | 100.0 |       0 |       6 | 100.0
            +---------+---------+-------+---------+---------+-------
